 Dungeon Crawl Stone Soup version 0.26.1-11-gd32895ea62 (webtiles) character file.

Game seed: 18093427574305984300

360 Dadi the Cudgeller (level 6, -13/40 HPs)
             Began as a Gargoyle Fighter on July 18, 2021.
             Mangled by an ogre
             ... wielding a +0 giant spiked club
              (20 damage)
             ... on level 4 of the Dungeon.
             The game lasted 00:04:26 (2894 turns).

Dadi the Cudgeller (Gargoyle Fighter)               Turns: 2894, Time: 00:04:27

Health: -13/40     AC: 17    Str: 21    XL:     6   Next: 65%
Magic:  6/6        EV:  5    Int:  9    God:
Gold:   173        SH:  9    Dex:  9    Spells: 5/5 levels left

rFire    . . .     SeeInvis .   a - +0 flail
rCold    + . .     Faith    .   c - +0 kite shield
rNeg     + . .     Spirit   .   m - +3 chain mail
rPois    ∞         Reflect  .   n - +0 helmet
rElec    +         Harm     .   (no cloak)
rCorr    .         Rampage  .   (no gloves)
Will     .....                  (no boots)
Stlth    ..........             (no amulet)
HPRegen  0.13/turn              j - ring of protection from cold
MPRegen  0.10/turn              (no ring)

@: no status effects
A: negative energy resistance 1, electricity resistance, unbreathing,
petrification resistance, miasma immunity, AC +4
a: no special abilities


You were on level 4 of the Dungeon.
You visited 1 branch of the dungeon, and saw 4 of its levels.

You collected 173 gold pieces.

Inventory:

Hand Weapons
 a - a +0 flail (weapon)
 q - a +2 spectral club
Armour
 b - a +0 scale mail
 c - a +0 kite shield (worn)
 e - a +0 scale mail of cold resistance
 m - a +3 chain mail (worn)
 n - a +0 helmet (worn)
Jewellery
 j - a ring of protection from cold (left hand)
Wands
 p - a wand of digging (7)
Scrolls
 f - 6 scrolls of identify {unknown}
 h - 4 scrolls of enchant armour {unknown}
 l - a scroll of remove curse {unknown}
 o - a scroll of teleportation {unknown}
Potions
 d - 2 potions of might
 g - a potion of resistance {unknown}
 i - a potion of brilliance {unknown}
 k - a potion of invisibility {unknown}


   Skills:
 + Level 5.2 Fighting
 * Level 5.7 Maces & Flails
 - Level 3.2 Armour
 - Level 3.2 Shields


You had 5 spell levels left.
You didn't know any spells.
Your spell library was empty.

Dungeon Overview and Level Annotations

Branches:
Dungeon (4/15)
 Temple: D:4-7

Altars:
The Shining One


Innate Abilities, Weirdness & Mutations

You are resistant to torment.
Your stone body is resilient. (AC +4)
You are immune to poison.
You resist negative energy. (rN+)
You are resistant to electric shocks. (rElec)
You can survive without breathing.
You are immune to petrification.
You are immune to miasma.


Message History

No target in view!
HP restored.
An ogre comes into view. It is wielding a +0 giant spiked club.
An ogre is nearby!
The ogre closely misses you.
You hit the ogre but do no damage. You block the ogre's attack.
You completely miss the ogre.
The ogre hits you with a +0 giant spiked club!!
Ouch! That really hurt!
* * * LOW HITPOINT WARNING * * *
You are too injured to fight recklessly!
Items here: ) ††††.
There is a stone staircase leading up here.
You hit the ogre but do no damage.
The ogre hits you with a +0 giant spiked club!
* * * LOW HITPOINT WARNING * * *
Your shield and chain mail prevent you from hitting the ogre.
The ogre hits you with a +0 giant spiked club!!
Ouch! That really hurt!
You die...

.....#......# #.#
#..^.###.######.#
#....# #........#
###....###.########
#..........#
#.....#.#.######
#.#####.#.#
#.#####O#.#
#.....@.#.#
#########.# ... ..#


You could see an ogre.

Vanquished Creatures
  Sigmund (D:3)
  Jessica (D:2)
  Ijyb (D:3)
  Terence (D:3)
  2 adders
  2 worms
  5 dart slugs
  11 orcs
  3 ball pythons
  A giant cockroach (D:2)
  7 goblins
  4 hobgoblins
  8 jackals
  6 kobolds
  12 bats
  8 frilled lizards
  A jackal skeleton (D:4)
  12 rats
86 creatures vanquished.

Notes
Turn   | Place    | Note
-------+----------+-------------------------------------------
     0 | D:1      | Dadi the Gargoyle Fighter began the quest for the Orb.
     0 | D:1      | Reached XP level 1. HP: 14/14 MP: 1/1
   283 | D:1      | Reached XP level 2. HP: 15/19 MP: 2/2
   815 | D:2      | Found a glowing golden altar of the Shining One.
   821 | D:2      | Noticed Jessica
   833 | D:2      | Killed Jessica
   834 | D:2      | Reached XP level 3. HP: 23/24 MP: 3/3
  1247 | D:2      | Reached XP level 4. HP: 28/29 MP: 4/4
  1740 | D:3      | Noticed Terence
  1749 | D:3      | Killed Terence
  1750 | D:3      | Reached XP level 5. HP: 34/34 MP: 5/5
  1978 | D:3      | Noticed Sigmund
  2001 | D:3      | Killed Sigmund
  2002 | D:3      | Reached skill level 5 in Fighting
  2002 | D:3      | Reached skill level 5 in Maces & Flails
  2002 | D:3      | Reached XP level 6. HP: 8/40 MP: 6/6
  2285 | D:3      | Noticed Ijyb
  2313 | D:3      | Killed Ijyb
  2894 | D:4      | Mangled by an ogre

Illustrated notes

Levels and vault maps discovered:
D:1:      amcnicky_arrival_wind_blow, layout_basic, grunt_decor_one_mirror
D:2:      layout_basic, nicolae_tso_carved_into_rock, minmay_rat_gold_closets,
          uniq_jessica
D:3:      layout_basic, minmay_ruptured, uniq_terence, uniq_ijyb, uniq_sigmund
D:4:      layout_loops_corners, minmay_bent

Skill      XL: |  1  2  3  4  5 |
---------------+----------------+-----
Maces & Flails | 3 4 5 |  5.7
Fighting       | 4 5 |  5.2
Armour         | |  3.2
Shields        | |  3.2

Action                   |  1- 3 |  4- 6 || total
-------------------------+-------+-------++-------
Melee: Flail             |   119 |   239 ||   358
Armor: Scale mail        |   106 |    49 ||   155
       Chain mail        |       |   110 ||   110
Dodge: Dodged            |    65 |    67 ||   132
Block: Kite shield       |    88 |   140 ||   228
